 Dungeon Sprint DCSS version 0.19.0-19-g8c6edcc (webtiles) character file.

1200000 NINUZHNO the Axe Maniac (level 15, -3/136 HPs)
             Began as a Ghoul Warper on Nov 12, 2016.
             Was a Follower of Makhleb.
             Slain by a meat berserker
             ... wielding a +9 battleaxe
              (92 damage)
             ... in the Dungeon (Sprint VIII: "Arena of Blood").
             The game lasted 00:01:01 (12 turns).

NINUZHNO the Axe Maniac (Ghoul Warper)                Turns: 12, Time: 00:01:01

Health: -3/136     AC:  4    Str: 17    XL:     15   Next: 18%
Magic:  13/23      EV: 18    Int:  8    God:    Makhleb [*.....]
Gold:   0          SH:  0    Dex: 13    Spells: 0 memorised, 17 levels left

rFire  . . .     SeeInvis .     l - +∞ Axe of Woe
rCold  + . .     Gourm    .     b - +0 leather armour
rNeg   + + +     Faith    .     (shield currently unavailable)
rPois  ∞         Spirit   .     (no helmet)
rElec  .         Reflect  .     (no cloak)
rCorr  .         Harm     .     (no gloves)
MR     +....     NoTele   +     (no boots)
Stlth  +++++.....               (no amulet)
                                (no ring)
                                (no ring)

@: rotting
A: rotting body, claws 1, carnivore 3, cold resistance 1, negative energy
resistance 3, slow regeneration 1, torment resistance, unbreathing
a: Renounce Religion


You were in the Dungeon.
You worshipped Makhleb.
Makhleb was aware of your devotion.
You were not hungry.

You visited 1 branch

Inventory:

Hand Weapons
 a - a +0 hand axe
 l - the +∞ Axe of Woe (weapon)
   (You found it in the Dungeon)
Missiles
 e - 5 tomahawks of dispersal (quivered)
Armour
 b - a +0 leather armour (worn)
Scrolls
 d - 2 scrolls of blinking
Potions
 g - a potion of curing
 h - a potion of heal wounds
 i - a potion of haste
 j - 2 potions of magic
 k - a potion of berserk rage
Books
 c - a book of Spatial Translocations

   Spells                             Type                      Level
   a - Blink                          Translocation                2
   b - Shroud of Golubria             Charms/Translocation         2
   c - Lesser Beckoning               Translocation                3
   d - Portal Projectile              Translocation                3
   e - Teleport Other                 Translocation                3
   f - Passage of Golubria            Translocation                4
Comestibles
 f - a meat ration


   Skills:
 + Level 13.4 Fighting
 O Level 27 Axes
 - Level 0.8 Throwing
 + Level 11.5 Armour
 + Level 11.5 Dodging
 + Level 14.3 Stealth
 - Level 1.7 Spellcasting
   Level 2.6 Translocations
 + Level 13.3 Invocations


You had 17 spell levels left.
You didn't know any spells.

Dungeon Overview and Level Annotations

Branches:
Dungeon (1/1)

Altars:
Makhleb


Innate Abilities, Weirdness & Mutations

Your body is rotting away.
You thrive on raw meat.
You are immune to poison.
You have sharp fingernails.
You are carnivorous and can eat meat at any time.
Your flesh is cold resistant. (rC+)
You are immune to negative energy. (rN+++)
You regenerate slowly when monsters are visible.
You are immune to unholy pain and torment.
You can survive without breathing.


Message History

Your Armour skill gained 2 levels and is now at level 11!
Your Dodging skill gained 2 levels and is now at level 11!
Your Stealth skill gained 2 levels and is now at level 14!
Your Invocations skill gained 2 levels and is now at level 13!
You have reached level 15!
Your experience leads to an increase in your attributes!
Increase (S)trength, (I)ntelligence, or (D)exterity?
You feel agile.
You feel stronger.
You hear a shout! x5
The meat berserker rages.
You hear a shout! x3 2 orcs come into view.
You hear a shout! x8
You hear a shout! x8
You hear a shout!
The meat berserker rages.
You hear a shout! x11
The meat berserker hits you with a +9 battleaxe!!!!
Ouch! That really hurt!
You die...

#.. ..# #.. ..#
.###.. ..###.
......###o.....
....._..o..
#..O..# .
#_.<._# .
....#..)..#....
......o@O......
......###......
.###.. oo###.
#.. ..# #. .#
.. .o .. ..


You could see 2 meat berserkers and 4 bags of meat.

Vanquished Creatures
  An ogre (D)
  3 orcs (D)
4 creatures vanquished.

Notes
Turn   | Place    | Note
-------+----------+-------------------------------------------
     0 | D        | NINUZHNO the Ghoul Warper began the quest for the Orb.
     0 | D        | Reached XP level 1. HP: 17/17 MP: 2/2
     3 | D        | Noticed a bag of meat
     3 | D        | Noticed a bag of meat
     4 | D        | Noticed a bag of meat
     4 | D        | Became a worshipper of Makhleb the Destroyer
     5 | D        | Noticed a meat berserker
     5 | D        | Noticed a bag of meat
     8 | D        | Noticed a bag of meat
     8 | D        | Killed a bag of meat
     8 | D        | Reached skill level 24 in Axes
     8 | D        | Reached XP level 2. HP: 24/24 MP: 3/3
     8 | D        | Reached XP level 3. HP: 29/29 MP: 4/4
     8 | D        | Reached XP level 4. HP: 36/36 MP: 5/5
     8 | D        | Reached XP level 5. HP: 41/41 MP: 6/6
     8 | D        | Reached XP level 6. HP: 48/48 MP: 7/7
     8 | D        | Reached XP level 7. HP: 55/55 MP: 8/8
     8 | D        | Reached XP level 8. HP: 61/61 MP: 9/9
     8 | D        | Reached XP level 9. HP: 67/67 MP: 10/10
     8 | D        | Reached XP level 10. HP: 73/73 MP: 11/11
     8 | D        | Reached XP level 11. HP: 79/79 MP: 12/12
     8 | D        | Reached XP level 12. HP: 85/85 MP: 13/13
     9 | D        | Noticed a meat berserker
     9 | D        | Noticed a meat berserker
     9 | D        | Killed a meat berserker
     9 | D        | Reached * piety under Makhleb
     9 | D        | Reached skill level 27 in Axes
     9 | D        | Reached XP level 13. HP: 39/111 MP: 13/18
     9 | D        | Reached XP level 14. HP: 41/118 MP: 13/19
     9 | D        | Killed a bag of meat
     9 | D        | Killed a bag of meat
     9 | D        | Reached XP level 15. HP: 88/136 MP: 13/23
    12 | D        | Slain by a meat berserker

Skill      XL: |  1  2  3  4  5  6  7  8  9 10 11 12 13 14 |
---------------+-------------------------------------------+-----
Axes           | 24 27 | 27.0
Fighting       | 9 13 | 13.4
Armour         | 7 11 | 11.5
Dodging        | 7 11 | 11.5
Stealth        | 9 14 | 14.3
Invocations    | 8 13 | 13.3
Throwing       | |  0.8
Spellcasting   | |  1.7
Translocations | |  2.6

Action                   |  1- 3 |  4- 6 |  7- 9 | 10-12 | 13-15 || total
-------------------------+-------+-------+-------+-------+-------++-------
Melee: Executioner's axe |     1 |       |       |     1 |       ||     2
